 Dungeon Crawl Stone Soup version 0.27-a0-1277-g3808f8b1c9 (webtiles) character file.

Game seed: 14795970695652524466

3822 DeathSun the Basher (level 10, -4/60 HPs)
             Began as a Gargoyle Gladiator on June 12, 2021.
             Was a Believer of Makhleb.
             Slain by a two-headed ogre (15 damage)
             ... on level 9 of the Dungeon.
             The game lasted 00:31:08 (11685 turns).

DeathSun the Basher (Gargoyle Gladiator)           Turns: 11685, Time: 00:31:09

Health: -4/60      AC: 23    Str: 21    XL:     10   Next: 17%
Magic:  12/12      EV:  7    Int:  9    God:    Makhleb [**....]
Gold:   422        SH:  0    Dex: 11    Spells: 9/9 levels left

rFire    . . .     SeeInvis .   t - +0 dire flail
rCold    . . .     Faith    .   (shield currently unavailable)
rNeg     + . .     Spirit   .   B - +0 plate armour
rPois    ∞         Reflect  .   c - +0 helmet
rElec    +         Harm     .   (no cloak)
rCorr    .         Rampage  .   y - +0 pair of gloves
Will     .....                  P - +0 pair of boots
Stlth    ..........             (no amulet)
HPRegen  0.20/turn              (no ring)
MPRegen  0.13/turn              (no ring)

@: no status effects
A: sickness immunity, AC +7, negative energy resistance 1, electricity
resistance, torment resistance 1, petrification resistance
a: Renounce Religion, Minor Destruction


You were on level 9 of the Dungeon.
You worshipped Makhleb.
Makhleb was pleased with you.
You visited 2 branches of the dungeon, and saw 10 of its levels.

You collected 422 gold pieces.

Inventory:

Hand Weapons
 a - a +0 flail
 h - a +3 whip
 t - a +0 dire flail (weapon)
 F - a +2 vorpal mace
Missiles
 d - 2 throwing nets
 k - 2 atropa-tipped darts (quivered)
Armour
 b - a +0 leather armour
 c - a +0 helmet (worn)
 g - a +0 ring mail
 n - a +0 scale mail
 u - a +0 buckler
 v - a +0 kite shield
 y - a +0 pair of gloves (worn)
 B - a +0 plate armour (worn)
 L - +0 steam dragon scales
 P - a +0 pair of boots (worn)
Jewellery
 E - a ring of poison resistance
 I - a +6 ring of dexterity
 O - a +6 ring of strength
Wands
 H - a wand of flame (13)
 R - a wand of charming (9)
 S - a wand of paralysis (17)
Scrolls
 e - 3 scrolls of holy word
 f - a scroll of fear
 i - 2 scrolls of enchant armour
 j - a scroll of summoning {unknown}
 l - 4 scrolls of teleportation
 q - a scroll of noise {unknown}
 s - 5 scrolls of immolation
 z - a scroll of torment {unknown}
 N - a scroll of vulnerability {unknown}
Potions
 m - 2 potions of invisibility
 o - a potion of attraction {unknown}
 p - a potion of degeneration {unknown}
 r - 2 potions of resistance {unknown}
 w - a potion of lignification {unknown}
 x - a potion of haste {unknown}
 A - 2 potions of brilliance {unknown}
 C - 2 potions of flight {unknown}
 D - a potion of heal wounds {unknown}
 J - a potion of cancellation {unknown}
 K - a potion of curing {unknown}
 M - a potion of ambrosia {unknown}
 Q - a potion of might


   Skills:
 + Level 5.6 Fighting
 * Level 11.4 Maces & Flails
 - Level 4.0 Throwing
 * Level 5.6 Armour
 - Level 2.4 Dodging
 * Level 3.5 Invocations


You had 9 spell levels left.
You didn't know any spells.
Your spell library contained the following spells:

 Spells                   Type           Power      Damage    Failure   Level
 Magic Dart               Conj           0%         1d3       100%        1
 Sting                    Tmut/Pois      0%         1d3       100%        1
 Blink                    Tloc           N/A        N/A       100%        2
 Call Imp                 Summ           0%         N/A       100%        2
 Poisonous Vapours        Pois/Air       0%         N/A       100%        2
 Searing Ray              Conj           0%         3d3       100%        2
 Slow                     Hex            0%         N/A       100%        2
 Confusing Touch          Hex            0%         N/A       100%        3
 Conjure Flame            Conj/Fire      0%         6-21      100%        3
 Dazzling Flash           Conj/Hex       0%         N/A       100%        3
 Gell's Gravitas          Tloc           0%         N/A       100%        3
 Ignite Poison            Fire/Tmut/Pois 0%         N/A       100%        3
 Mephitic Cloud           Conj/Pois/Air  0%         N/A       100%        3
 Fulminant Prism          Conj/Hex       0%         3d6       100%        4
 Iskenderun's Mystic Bla  Conj/Tloc      0%         2d3       100%        4
 Olgreb's Toxic Radiance  Pois           0%         N/A       100%        4
 Petrify                  Tmut/Erth      0%         N/A       100%        4
 Metabolic Englaciation   Hex/Ice        0%         N/A       100%        5
 Yara's Violent Unravell  Hex/Tmut       0%         3d3       100%        5


Dungeon Overview and Level Annotations

Branches:
Dungeon (9/15)             Temple (1/1) D:4            Lair (0/6) D:8
    Orc: D:9-12

Altars:
Ashenzari
Cheibriados
Dithmenos
Elyvilon
Fedhas
Gozag
Hepliaklqana
Kikubaaqudgha
Makhleb
Nemelex Xobeh
Okawaru
Qazlal
Ru
Sif Muna
Trog
Uskayaw
Vehumet
Wu Jian
Xom
Yredelemnul
Zin
The Shining One

Shops:
D:7 ?[[*

Annotations:
D:8 Gastronok


Innate Abilities, Weirdness & Mutations

You are immune to sickness and miasma.
Your stone body is resilient. (AC +7)
You are immune to poison.
You resist negative energy. (rN+)
You are resistant to electric shocks. (rElec)
You are resistant to unholy torment.
You are immune to petrification.


Message History

Press: ? - help, Q - select action, (/) - cycle Shift-Dir - straight line, f/p - two-headed ogre
Aim: a two-headed ogre, wielding two +0 giant clubs (75% to hit, chance to blind on hit: 3%)
You throw an atropa-tipped dart.
The atropa-tipped dart barely misses the two-headed ogre.
The two-headed ogre hits you but does no damage. x2
Throw: 3 darts (atropa)
Press: ? - help, Q - select action, (/) - cycle Shift-Dir - straight line, f/p - two-headed ogre
Aim: a two-headed ogre, wielding two +0 giant clubs (74% to hit, chance to blind on hit: 3%)
You throw an atropa-tipped dart.
The atropa-tipped dart hits the two-headed ogre.
The two-headed ogre resists.
The centaur unwields a +0 shortbow.
The centaur hits you but does no damage.
The centaur kicks you but does no damage.
The two-headed ogre hits you with a +0 giant club.
The two-headed ogre hits you with a +0 giant club!
As you read the scroll of fear, it crumbles to dust.
You assume a fearsome visage.
The centaur looks frightened!
The two-headed ogre looks frightened!
You puncture the two-headed ogre!
Your attack snaps the two-headed ogre out of its fear.
The two-headed ogre is moderately wounded.
The two-headed ogre hits you but does no damage. x2
You sock the two-headed ogre!
The two-headed ogre is moderately wounded.
You puncture the two-headed ogre!
The two-headed ogre is severely wounded.
The two-headed ogre hits you with a +0 giant club! x2
You hit the two-headed ogre.
The two-headed ogre is severely wounded.
You hit the two-headed ogre.
The two-headed ogre is severely wounded.
The two-headed ogre hits you with a +0 giant club!
The two-headed ogre barely misses you.
You barely miss the two-headed ogre.
The two-headed ogre is severely wounded.
The two-headed ogre hits you with a +0 giant club!
* * * LOW HITPOINT WARNING * * *
The two-headed ogre hits you with a +0 giant club!
You die...

.......# #.#.# #.........
.......# #.#.#######.........
.....).## #.#.......'.........
........######.#########...#####'
........'......# #<##...# #.
........#############.###### #.
..^.##########....)...##########.
.................................
.........(.....O@...........####.
........###################..# #.
........# ##'###. ........#
#....#. ........# #....#.
........# #....#. ........#
#....#. ........# #......
........# #..(...


You could see a two-headed ogre.

Vanquished Creatures
  Prince Ribbit (D:7)
  A shadow (D:9)
  A wyvern (D:5)
  A steam dragon (D:7)
  4 orc warriors
  6 sky beasts
  3 necrophages
  2 black bears (D:5)
  2 centaurs
  A kobold brigand (D:6)
  2 bullfrogs
  A water moccasin zombie (D:6)
  3 scorpions (D:5)
  A water moccasin skeleton (D:5)
  6 killer bees
  A howler monkey (D:5)
  2 jellies
  A centaur zombie (D:5)
  A bullfrog skeleton (D:5)
  A bullfrog zombie (D:6)
  3 hounds
  A gnoll shaman (D:5)
  3 orc priests
  A centaur skeleton (D:7)
  4 iguanas (D:5)
  4 orc wizards
  A scorpion zombie (D:5)
  Robin (D:3)
  2 howler monkey skeletons
  8 adders
  9 gnolls
  2 shadow imps
  2 white imps
  An adder skeleton (D:3)
  A worm (D:2)
  5 dart slugs
  23 orcs
  6 ball pythons
  3 bats
  8 endoplasms
  5 giant cockroaches
  9 goblins
  9 hobgoblins
  4 jackals
  A quokka (D:5)
  6 frilled lizards
  19 kobolds
  4 rats
186 creatures vanquished.

Vanquished Creatures (others)
  A black bear (D:5)
  2 hounds (D:5)
  An orc wizard (D:9)
  An adder (D:5)
  An orc (D:5)
  2 fungi (D:8)
  A plant (D:8)
9 creatures vanquished.

Grand Total: 195 creatures vanquished

Notes
Turn   | Place    | Note
-------+----------+-------------------------------------------
     0 | D:1      | DeathSun the Gargoyle Gladiator began the quest for the
                  | Orb.
     0 | D:1      | Reached XP level 1. HP: 12/12 MP: 1/1
   378 | D:1      | Reached XP level 2. HP: 17/17 MP: 2/2
   880 | D:1      | Reached skill level 4 in Maces & Flails
  1253 | D:1      | Reached XP level 3. HP: 21/21 MP: 3/3
  1883 | D:2      | Reached XP level 4. HP: 15/26 MP: 4/4
  2069 | D:2      | Reached skill level 5 in Maces & Flails
  2172 | D:2      | Reached XP level 5. HP: 9/30 MP: 5/5
  3065 | D:3      | Reached skill level 6 in Maces & Flails
  3607 | D:3      | Noticed Robin
  3627 | D:3      | Killed Robin
  3944 | D:4      | Found a staircase to the Ecumenical Temple.
  3954 | Temple   | Entered the Ecumenical Temple
  4387 | Temple   | Became a worshipper of Makhleb the Destroyer
  4467 | D:4      | Reached XP level 6. HP: 35/35 MP: 6/6
  4720 | D:5      | Entered Level 5 of the Dungeon
  4726 | D:5      | Noticed a necrophage
  4728 | D:5      | Killed a black bear
  4841 | D:5      | Noticed a black bear
  4849 | D:5      | Killed a black bear
  4862 | D:5      | Noticed a sky beast
  4869 | D:5      | Killed a sky beast
  4870 | D:5      | Reached skill level 7 in Maces & Flails
  4881 | D:5      | Killed a necrophage
  4882 | D:5      | Reached XP level 7. HP: 39/40 MP: 7/7
  4894 | D:5      | Found a shimmering altar of Xom.
  5270 | D:5      | Reached skill level 8 in Maces & Flails
  5763 | D:5      | Noticed a wyvern
  5769 | D:5      | Killed a wyvern
  5770 | D:5      | Reached XP level 8. HP: 22/44 MP: 8/8
  6012 | D:5      | Reached skill level 9 in Maces & Flails
  6596 | D:5      | Reached skill level 1 in Invocations
  6895 | D:5      | Reached * piety under Makhleb
  6896 | D:5      | Reached skill level 10 in Maces & Flails
  7637 | D:5      | Reached XP level 9. HP: 51/51 MP: 11/11
  8507 | D:6      | Reached skill level 1 in Armour
  9116 | D:7      | Noticed Prince Ribbit
  9532 | D:7      | Killed Prince Ribbit
  9783 | D:7      | Noticed a hornet
  9876 | D:7      | Found Pivohyk's Magic Scroll Emporium.
  9879 | D:7      | Found Xeira's Antique Armour Emporium.
  9893 | D:7      | Found Dareoreo's General Store.
  9894 | D:7      | Found Xiyc's Antique Armour Emporium.
  9922 | D:7      | Reached skill level 5 in Fighting
  9922 | D:7      | Reached skill level 11 in Maces & Flails
 10033 | D:8      | Reached ** piety under Makhleb
 10239 | D:8      | Noticed Gastronok
 10360 | D:7      | Reached XP level 10. HP: 59/59 MP: 12/12
 10382 | D:7      | Reached skill level 5 in Armour
 11111 | D:8      | Found a staircase to the Lair.
 11658 | D:9      | Noticed a two-headed ogre
 11685 | D:9      | Slain by a two-headed ogre

Illustrated notes

Levels and vault maps discovered:
D:1:      grunt_arrival_lava_bath, layout_basic
D:2:      layout_loops_cross, minmay_pentomino_p4
D:3:      layout_basic, uniq_robin
D:4:      layout_rooms, minmay_temple_entry_drinking_statues
D:5:      minmay_thinvault, layout_rooms, xom_confusion_cloud
D:6:      layout_cave_pools, minmay_misc_feat_more_columns, minmay_bent
D:7:      layout_loops_cross, minmay_shop_grid_forest,
          hangedman_abyss_or_decor_lesser_grid, uniq_prince_ribbit1
D:8:      layout_basic, dpeg_oklobed_lair, uniq_gastronok
D:9:      layout_basic
Temple:   minmay_crystal_snake_temple

Skill      XL: |  1  2  3  4  5  6  7  8  9 10 |
---------------+-------------------------------+-----
Maces & Flails | 4 5 6 7 8 10 11 | 11.4
Throwing       | 2 3 4 |  4.0
Invocations    | 2 3 |  3.5
Fighting       | 3 5 |  5.6
Armour         | 4 5 |  5.6
Dodging        | |  2.4

Action                   |  1- 3 |  4- 6 |  7- 9 | 10-12 || total
-------------------------+-------+-------+-------+-------++-------
Melee: Flail             |   116 |   197 |   445 |       ||   758
       Dire flail        |       |       |    29 |   105 ||   134
Throw: Throwing net      |       |     3 |       |       ||     3
       Dart              |       |     2 |     1 |     2 ||     5
Invok: Minor Destruction |       |       |       |     2 ||     2
Evoke: Wand              |       |     5 |     8 |       ||    13
  Use: Scroll            |       |       |     6 |     2 ||     8
 Stab: Sleeping          |     1 |       |       |       ||     1
       Distracted        |       |     1 |       |       ||     1
Armor: Leather armour    |    12 |       |       |       ||    12
       Ring mail         |    54 |   108 |   104 |       ||   266
       Plate armour      |       |       |   178 |    70 ||   248
Dodge: Dodged            |    63 |   121 |   182 |    20 ||   386
Block: Buckler           |       |       |    63 |       ||    63

Table legend: (Time is in decaauts)
 A = Elapsed time spent in this place.
 B = Non-inter-level travel time spent in this place.
 C = Inter-level travel time spent in this place.
 D = Time resting spent in this place.
 E = Time spent auto-exploring this place.
 F = Levels seen in this place.
 G = Mean time per level.
                   A        B        C        D        E       F      G
               +--------+--------+--------+--------+--------+-----+--------+
         Total |  11708 |  11451 |    257 |   4440 |   4517 |  10 | 1170.8 |
       Dungeon |  11263 |  11013 |    250 |   4240 |   4379 |   9 | 1251.4 |
        Temple |    445 |    438 |      7 |    200 |    138 |   1 |  445.0 |
               +--------+--------+--------+--------+--------+-----+--------+

Top non-repeatable levels by time:
     D:5: 2837 daAuts
     D:1: 1474 daAuts
     D:2: 1384 daAuts
     D:7: 1363 daAuts
     D:6: 1315 daAuts
     D:3: 1046 daAuts
     D:4: 830 daAuts
     D:9: 542 daAuts
     D:8: 466 daAuts
  Temple: 445 daAuts
